 Dungeon Crawl Stone Soup version 0.30.0-29-ga12c61a403 (webtiles) character file.

Game seed: 16549510002643443695

187 Bnni the Digger (level 5, 0/37 HPs)
             Began as a Formicid Earth Elementalist on June 15, 2023.
             Slain by Tyszek's ghost (5 damage)
             ... on level 3 of the Dungeon.
             The game lasted 00:04:02 (2706 turns).

Bnni the Digger (Formicid Earth Elementalist)       Turns: 2706, Time: 00:04:02

Health: 0/37       AC:  8    Str: 13    XL:     5   Next: 99%
Magic:  0/9        EV: 10    Int: 16    God:
Gold:   172        SH:  5    Dex: 14    Spells: 3/9 levels left

rFire   . . .        a - +0 quarterstaff
rCold   . . .        (no shield)
rNeg    . . .        e - +2 ring mail {rPois}
rPois   +            (helmet unavailable)
rElec   .            (no cloak)
rCorr   .            (no gloves)
SInv    +            n - +0 pair of boots
Will    .....        i - amulet of reflection
Stlth   +            (no ring)
HPRegen 0.26/turn    (no ring)
MPRegen 0.11/turn

%: reflection
@: no status effects
A: permanent stasis, dig shafts and tunnels, antennae 3, four strong arms
a: Dig, Shaft Self


You were on level 3 of the Dungeon.
You visited 1 branch of the dungeon, and saw 3 of its levels.

You collected 172 gold pieces.

Inventory:

Hand Weapons
 a - a +0 quarterstaff (weapon)
Armour
 e - a +2 ring mail of poison resistance (worn)
 f - a +2 chain mail of fire resistance
 n - a +0 pair of boots (worn)
Jewellery
 i - an amulet of reflection (around neck)
Scrolls
 c - a scroll of immolation {unknown}
 g - a scroll of amnesia {unknown}
 h - 2 scrolls of identify {unknown}
 j - 2 scrolls of poison {unknown}
 k - 3 scrolls of teleportation {unknown}
 o - 2 scrolls of silence {unknown}
Potions
 b - a potion of magic
 d - a potion of flight {unknown}
 l - a potion of might {unknown}
 m - a potion of haste {unknown}


   Skills:
 + Level 1.3 Fighting
 + Level 1.4 Armour
 - Level 1.7 Dodging
 - Level 2.4 Stealth
 + Level 2.9 Spellcasting
 * Level 1.9 Conjurations
 - Level 3.0 Transmutations
 * Level 4.7 Earth Magic


You had 3 spell levels left.
You knew the following spells:

 Your Spells              Type           Power      Damage    Failure   Level
a - Sandblast             Erth           34%        2d9       6%          1
b - Passwall              Tmut/Erth      11%        N/A       12%         2
c - Stone Arrow           Conj/Erth      26%        3d8       30%         3

Your spell library contained the following spells:

 Spells                   Type           Power      Damage    Failure   Level
 Petrify                  Tmut/Erth      14%        N/A       63%         4


Dungeon Overview and Level Annotations

Branches:
Dungeon (3/15)

Altars:
The Shining One

Annotations:
D:3 Tyszek's ghost, amateur MiFi


Innate Abilities, Weirdness & Mutations

You cannot be hasted, slowed, berserked, paralysed or teleported.
You can dig through walls and to a lower floor.
You have a pair of large antennae on your head. (SInv)
Your four strong arms can wield two-handed weapons with a shield.


Message History

Tyszek's ghost is moderately damaged.
You block Tyszek's ghost's attack.
Aiming: Sandblast (safe; 6% risk of failure)
Press: ? - help, Q - select action, (/) - cycle Shift-Dir - straight line, f/p - Tyszek's ghost
Aim: Tyszek's ghost (moderately damaged, 84% to hit)
The blast of sand hits Tyszek's ghost but does no damage.
Tyszek's ghost is moderately damaged.
Tyszek's ghost hits you.
Tyszek's ghost hits you but does no damage.
Aiming: Sandblast (safe; 6% risk of failure)
Press: ? - help, Q - select action, (/) - cycle Shift-Dir - straight line, f/p - Tyszek's ghost
Aim: Tyszek's ghost (moderately damaged, 84% to hit)
The blast of sand hits Tyszek's ghost!
Tyszek's ghost is heavily damaged.
Tyszek's ghost hits you.
Aiming: Sandblast (safe; 6% risk of failure)
Press: ? - help, Q - select action, (/) - cycle Shift-Dir - straight line, f/p - Tyszek's ghost
Aim: Tyszek's ghost (heavily damaged, 84% to hit)
The blast of sand hits Tyszek's ghost but does no damage.
Tyszek's ghost is heavily damaged.
Tyszek's ghost makes a sound of rattling chains.
Tyszek's ghost hits you.
Tyszek's ghost hits you but does no damage.
Aiming: Sandblast (safe; 6% risk of failure)
Press: ? - help, Q - select action, (/) - cycle Shift-Dir - straight line, f/p - Tyszek's ghost
Aim: Tyszek's ghost (heavily damaged, 84% to hit)
The blast of sand hits Tyszek's ghost but does no damage.
Tyszek's ghost is heavily damaged.
Tyszek's ghost hits you!
* * * LOW HITPOINT WARNING * * *
Aiming: Sandblast (safe; 6% risk of failure)
Press: ? - help, Q - select action, (/) - cycle Shift-Dir - straight line, f/p - Tyszek's ghost
Aim: Tyszek's ghost (heavily damaged, 84% to hit)
The blast of sand hits Tyszek's ghost!
Tyszek's ghost is severely damaged.
Tyszek's ghost says, "Your head on a pike would complement this floor nicely."
Tyszek's ghost hits you.
* * * LOW HITPOINT WARNING * * *
Tyszek's ghost hits you.
You die...

######## #.##.# # #.##.#
####### #.##.# ......#
#.##.# ......# #.##.#
.)...)# #.##.# ......#
#.##.# #.....# #(##.#
#.....# #@#### #P....#
#W#..##### )..(.†#
##K#{##~⌠~## #P.##.#
#KKK{#...$.# #..##.###
##K#.KK###.$#
#..##...########.[.'.....$#
#######............'.###..#
#####.._..##.#.....#
#...[.##.##~⌠~##


You could see a kobold brigand, Tyszek's ghost and 4 kobolds.

Vanquished Creatures
  2 hounds (D:3)
  Robin (D:2)
  A gnoll (D:3)
  5 adders
  A worm (D:2)
  2 dart slugs
  An orc (D:3)
  5 endoplasms
  2 giant cockroaches
  10 goblins
  6 hobgoblins
  5 jackals
  2 ball pythons
  4 bats
  4 frilled lizards
  4 kobolds
  5 rats
60 creatures vanquished.

Notes
Turn   | Place    | Note
-------+----------+-------------------------------------------
     0 | D:1      | Bnni the Formicid Earth Elementalist began the quest for
                  | the Orb.
     0 | D:1      | Reached XP level 1. HP: 13/13 MP: 3/3
   302 | D:1      | Reached XP level 2. HP: 11/19 MP: 1/5
   305 | D:1      | Learned a level 2 spell: Passwall
   927 | D:2      | Reached skill level 4 in Earth Magic
   927 | D:2      | Reached XP level 3. HP: 24/25 MP: 0/6
  1017 | D:2      | Reached skill level 1 in Conjurations
  1021 | D:2      | Learned a level 3 spell: Stone Arrow
  1175 | D:2      | Noticed Robin
  1179 | D:2      | Killed Robin
  1180 | D:2      | Reached XP level 4. HP: 24/31 MP: 3/7
  1193 | D:2      | Reached skill level 1 in Armour
  1390 | D:2      | Found a glowing golden altar of the Shining One.
  1987 | D:3      | Reached XP level 5. HP: 36/36 MP: 5/9
  2056 | D:3      | Reached skill level 1 in Fighting
  2186 | D:3      | Found a faded altar of an unknown god.
  2201 | D:3      | Found a runed translucent gate.
  2201 | D:3      | Found a runed translucent gate.
  2201 | D:3      | Found a runed translucent gate.
  2201 | D:3      | Noticed Tyszek's ghost (amateur MiFi)
  2204 | D:3      | Noticed a kobold brigand
  2706 | D:3      | Slain by Tyszek's ghost

Illustrated notes

Levels and vault maps discovered:
D:1:      nzn_arrival_settlement, layout_loops_ring, minmay_crystal_room
D:2:      layout_basic, basic_altar, uniq_robin
D:3:      layout_basic, gammafunk_ghost_nasty_kobolds,
          ebering_ecumenical_altar_mist, cheibrodos_gnoll_hut

Skill      XL: |  1  2  3  4  5 |
---------------+----------------+-----
Earth Magic    | 4 |  4.7
Conjurations   | 1 |  1.9
Transmutations | 2 3 |  3.0
Armour         | 1 |  1.4
Fighting       | 1 |  1.3
Dodging        | |  1.7
Stealth        | |  2.4
Spellcasting   | |  2.9

Action                     |  1- 3 |  4- 6 || total
---------------------------+-------+-------++-------
  Melee: Dagger            |    11 |       ||    11
         Quarterstaff      |       |     3 ||     3
   Cast: Sandblast         |    38 |    66 ||   104
 Armour: Ring mail         |       |     9 ||     9
  Dodge: Dodged            |    12 |    25 ||    37
  Block: Other             |       |    13 ||    13
         Reflection        |       |     1 ||     1
